 Dungeon Crawl Stone Soup version 0.28.0-43-g3370ac3207 (webtiles) character file.

Game seed: 16209063682591115243

232 croobank the Firebug (level 5, -2/38 HPs)
             Began as a Draconian Fire Elementalist on Apr 1, 2022.
             Slain by a gnoll sergeant
             ... wielding a +4 trident of venom
              (9 damage)
             ... on level 4 of the Dungeon.
             The game lasted 00:14:54 (3710 turns).

croobank the Firebug (Draconian Fire Elementalist)  Turns: 3710, Time: 00:14:54

Health: -2/38      AC: 11    Str: 11    XL:     5   Next: 73%
Magic:  1/9        EV: 12    Int: 17    God:
Gold:   63         SH:  0    Dex: 11    Spells: 3/10 levels left

rFire   + . .      SeeInvis .   a - +1 morningstar (protect)
rCold   + . .      Faith    .   (no shield)
rNeg    . . .      Spirit   .   (armour unavailable)
rPois   +          Reflect  .   (helmet restricted)
rElec   +          Harm     .   (no cloak)
rCorr   +          Rampage  .   (no gloves)
Will    .....                   k - +1 pair of boots
Stlth   ++........              (no amulet)
HPRegen 0.12/turn               d - +4 ring of protection
MPRegen 0.11/turn               (no ring)

@: resistant
A: AC +5, unfitting armour, cold-blooded
a: no special abilities


You were on level 4 of the Dungeon.
You visited 1 branch of the dungeon, and saw 6 of its levels.

You collected 107 gold pieces.
You spent 44 gold pieces at shops.

Inventory:

Hand Weapons
 a - a +1 morningstar of protection (weapon)
 e - a +2 mace of protection
Missiles
 b - 38 sling bullets
 c - 47 arrows
 g - 99 stones (quivered)
Armour
 k - a +1 pair of boots (worn)
Jewellery
 d - a +4 ring of protection (left hand)
 m - a ring of ice
Scrolls
 i - a scroll of immolation
 n - a scroll of amnesia
Potions
 f - a potion of attraction
 j - 2 potions of cancellation {unknown}


   Skills:
 + Level 2.9 Dodging
 + Level 3.0 Stealth
 + Level 3.0 Spellcasting
 + Level 2.6 Conjurations
 + Level 3.9 Fire Magic


You had 3 spell levels left.
You knew the following spells:

 Your Spells              Type           Power      Damage    Failure   Level
a - Foxfire               Conj/Fire      52%        2x1d6     4%          1
b - Scorch                Fire           32%        2d6       5%          2
c - Flame Wave            Conj/Fire      13%        2d6       41%         4

Your spell library contained the following spells:

 Spells                   Type           Power      Damage    Failure   Level
 Conjure Flame            Conj/Fire      13%        6-21      14%         3
 Animate Skeleton         Necr           4%         N/A       17%         1
 Pain                     Necr           8%         1d4       17%         1
 Inner Flame              Hex/Fire       9%         N/A       24%         3
 Vampiric Draining        Necr           2%         2d6       45%         3
 Summon Lightning Spire   Summ/Air       2%         N/A       86%         4
 Storm Form               Tmut/Air       1%         N/A       100%        7
 Maxwell's Capacitive Co  Air            1%         ∞         100%        8


Dungeon Overview and Level Annotations

Branches:
Dungeon (6/15)
 Temple: D:4-7

Altars:
Qazlal
Sif Muna
Wu Jian

Shops:
D:1 :   D:3 ?


Innate Abilities, Weirdness & Mutations

Your plain brown scales are hard. (AC +5)
You cannot fit into any form of body armour.
You are cold-blooded and may be slowed by cold attacks.


Message History

You feel sick.
The gnoll sergeant hits you from afar with a +4 trident of venom!
You are lethally poisoned!
You climb downwards.
* * * LOW HITPOINT WARNING * * *
You feel extremely sick.
There is a stone staircase leading up here.
You feel better.
You start resting.
Magic restored.
You start resting.
HP restored.
You feel protected.
You climb upwards.
There is a stone staircase leading down, spattered with blood here.
Casting: Scorch (safe; 5% risk of failure)
Confirm with . or Enter, or press ? or * to list all spells.
Flames lash the gnoll sergeant.
The gnoll sergeant is burned terribly!
The gnoll sergeant is moderately wounded.
The gnoll sergeant hits you from afar with a +4 trident of venom.
Casting: Scorch (safe; 5% risk of failure)
Confirm with . or Enter, or press ? or * to list all spells.
Flames lash the gnoll sergeant but do no damage.
The gnoll sergeant hits you but does no damage.
Casting: Scorch (safe; 5% risk of failure)
Confirm with . or Enter, or press ? or * to list all spells.
Flames lash the gnoll sergeant.
The gnoll sergeant is burned terribly!
The gnoll sergeant is almost dead.
The gnoll hits you but does no damage.
The gnoll sergeant hits you from afar with a +4 trident of venom!
Casting: Scorch (safe; 5% risk of failure)
Confirm with . or Enter, or press ? or * to list all spells.
Flames lash the gnoll sergeant but do no damage.
The gnoll hits you from afar with a +0 halberd!
* * * LOW HITPOINT WARNING * * *
The gnoll sergeant closely misses you.
You can't go up here!
The gnoll closely misses you.
The gnoll sergeant hits you from afar with a +4 trident of venom!
You die...

.........
........
.....).
#....#
##.)..##..
#.........
#g........
##.g.......
#@.)...##..
########


You could see a gnoll sergeant (combustible) and a gnoll.

Vanquished Creatures
  A scorpion (D:5)
  A hound (D:6)
  5 gnolls
  An adder (D:3)
  2 worms (D:2)
  3 dart slugs
  5 orcs (D:5)
  3 ball pythons
  6 endoplasms
  3 giant cockroaches
  6 hobgoblins
  7 jackals
  A quokka (D:1)
  7 bats
  2 frilled lizards (D:1)
  6 goblins
  6 kobolds (D:1)
  3 rats
68 creatures vanquished.

Vanquished Creatures (others)
  133 foxfires
  2 plants (D:6)
135 creatures vanquished.

Grand Total: 203 creatures vanquished

Notes
Turn   | Place    | Note
-------+----------+-------------------------------------------
     0 | D:1      | croobank the Draconian Fire Elementalist began the quest
                  | for the Orb.
     0 | D:1      | Reached XP level 1. HP: 14/14 MP: 3/3
    89 | D:1      | Found Ytzucust's Book Emporium.
   646 | D:1      | Reached XP level 2. HP: 20/20 MP: 1/5
   649 | D:1      | Learned a level 2 spell: Scorch
   932 | D:1      | Found a faded altar of an unknown god.
  1176 | D:2      | Reached XP level 3. HP: 22/26 MP: 0/6
  1459 | D:2      | Found a stormy altar of Qazlal.
  1934 | D:3      | Found Nuvibrag's Magic Scroll Shoppe.
  1939 | D:3      | Bought a scroll of identify for 22 gold pieces
  1939 | D:3      | Bought a scroll of identify for 22 gold pieces
  2030 | D:3      | Reached XP level 4. HP: 33/33 MP: 4/7
  2109 | D:3      | Learned a level 4 spell: Flame Wave
  2258 | D:3      | Found an ornate altar of the Wu Jian Council.
  2462 | D:3      | You fall into a shaft and drop 3 floors!
  2516 | D:6      | Noticed a gnoll sergeant
  2574 | D:6      | Found a shimmering blue altar of Sif Muna.
  2579 | D:6      | Noticed an ogre
  2601 | D:5      | Entered Level 5 of the Dungeon
  2748 | D:5      | Noticed a scorpion
  2756 | D:5      | Killed a scorpion
  2757 | D:5      | Reached XP level 5. HP: 38/38 MP: 0/9
  3710 | D:4      | Slain by a gnoll sergeant

Illustrated notes

Levels and vault maps discovered:
D:1:      minmay_arrival_pointy, layout_basic,
          hellmonk_ecumenical_altar_lost_god, serial_shops,
          nicolae_shop_hallway_plus, amcnicky_mini_rare_corridor_liquid
D:2:      layout_rooms, basic_altar, minmay_split_cup_large
D:3:      layout_basic, nzn_wu_jian_contemplation, serial_shops, shop,
          minmay_close_crescents, uniq_crazy_yiuf_cottage
D:4:      layout_gridville, hangedman_abyss_or_decor_passed, minivault_11,
          minmay_small_thing
D:5:      layout_basic, cheibrodos_ashenzari_chains,
          chequers_temple_overflow_minitemple, nicolae_dithmenos_the_darkroom,
          temple_doors_ab
D:6:      layout_rooms, lemuel_zombie_altar_kikubaaqudgha,
          mainiacjoe_overflow_boulevard, hangedman_decor_slide_cut,
          uniq_eustachio

Skill      XL: |  1  2  3  4  5 |
---------------+----------------+-----
Stealth        | 2 3 |  3.0
Dodging        | 2 |  2.9
Conjurations   | 2 |  2.6
Spellcasting   | 3 |  3.0
Fire Magic     | |  3.9

Action                   |  1- 3 |  4- 6 || total
-------------------------+-------+-------++-------
Melee: Mace              |    21 |    19 ||    40
       Unarmed           |     1 |       ||     1
       Tailslap          |       |     1 ||     1
Throw: Throwing net      |       |     1 ||     1
 Cast: Foxfire           |    48 |    31 ||    79
       Scorch            |     6 |    26 ||    32
  Use: Scroll            |     3 |     6 ||     9
       Potion            |       |     3 ||     3
Armor: Skin              |    20 |    24 ||    44
Dodge: Dodged            |    25 |    36 ||    61
